AoeStats
← mryendl2410

Arena

509644787Analyzed
4v4 RM · 5d ago on Sep 27, 2026· 12m 5s· 8 players
Game mode
Random Map
Map size
Large (8 player)
Population
200
Speed
Normal
Resources
Standard
Victory
Conquest
Starting age
Dark Age
Ending age
Imperial Age
RankedLock teamsTeams togetherTeam positionsShared explorationLock speedFull tech treeHidden civsTurbo modeCheats
Victory
Defeat
🇦🇹 Turks · Austria
1427
+13
🇺🇸 Portuguese · United States
1394
+15
🇨🇭 Persians · Switzerland
1341
+17
🇪🇸 Cumans · Spain
1306
+18
1479
-20
🇻🇳 Italians · Vietnam
1361
-16
🇻🇳 Magyars · Vietnam
1331
-14
🇻🇳 Slavs · Vietnam
1287
-13
IDWARE21
10:36 Feudal Age
hcenemod
8:26 Feudal Age
9:08 Double-Bit Axe
9:27 Horse Collar
IRON MIKE
11:14 Feudal Age
12:12 Double-Bit Axe
Blue Cheese
10:46 Feudal Age
11:42 Double-Bit Axe
11:40 Horse Collar
Yucatan_water_supremacy
9:16 Feudal Age
11:12 Double-Bit Axe
HuynhSon
11:07 Feudal Age
danganharmy
10:41 Feudal Age
11:43 Double-Bit Axe
mryendl2410
Connection lost

Rejoining the realm…

Still unreachable

The connection could not be restored.

Session expired

The server has moved on; the page needs a fresh start.